Map: Überwucherte Anlage

Players

RiseAgainst - Winner!

  • Race: Terran Terran
  • League: Diamond
  • Spawn Location: 7:00

Panda - Winner!

  • Race: Zerg Zerg
  • League: Diamond
  • Spawn Location: 9:00

OKai

  • Race: Terran Terran
  • League: Diamond
  • Spawn Location: 1:00

Sorgoth

  • Race: Zerg Zerg
  • Spawn Location: 3:00

VOD

Have the link to the VOD?

Description

Time

  • Played on: Sept. 10, 2017, 4:41 p.m.
  • Length: 9:42
Show
View Real Time Build Order
Export as new Build Order

RiseAgainst Terran - Winner!

Build Orders: Reaper Expand, MMM Bio 

Get SALT Encoding   

  12  0:00  SCV  
  13  0:12  SCV  
  14  0:18  Supply Depot  
  14  0:25  SCV  
  15  0:39  SCV  
  15  0:41  Barracks  
  16  0:45  Refinery  
  16  0:52  SCV  
  17  1:04  SCV  
  18  1:16  SCV  
  19  1:28  Orbital Command  
  19  1:29  Reaper  
  20  1:48  Command Center  
  20  1:58  SCV  
  20  1:59  Supply Depot  
  21  2:03  Barracks Reactor  
  21  2:07  Refinery  
  21  2:14  SCV  
  22  2:25  Factory  
  22  2:26  SCV  
  23  2:38  SCV  
  23  2:39  Marine x2  
  26  2:45  Supply Depot  
  26  2:50  SCV  
  27  2:56  Marine x2  
  29  3:00  Orbital Command  
  29  3:02  SCV  
  30  3:19  Cyclone  
  33  3:21  Cyclone  
  33  3:22  SCV  
  33  3:26  Barracks Tech Lab  
  37  3:28  SCV  
  38  3:35  SCV  
  38  3:40  SCV  
  40  3:47  Marine  
  41  3:49  SCV  
  41  3:51  Cyclone  
  41  3:52  Supply Depot  
  41  3:53  Cyclone  
  48  3:58  SCV  
  49  4:05  SCV  
  49  4:09  Marine  
  50  4:10  Refinery  
  50  4:11  Stimpack  
  50  4:13  SCV  
  51  4:34  SCV x2  
  51  4:35  Barracks  
  51  4:38  Starport  
  53  4:40  Barracks  
  53  4:46  SCV  
  53  4:48  SCV  
  53  4:50  Factory Reactor, Refinery  
  55  4:53  Marine  
  56  5:02  Command Center  
  56  5:03  SCV, Engineering Bay  
  56  5:04  SCV  
  56  5:06  Engineering Bay  
  58  5:09  Supply Depot  
  51  5:52  Marine x2  
  51  5:53  Barracks Reactor  
  53  5:57  Terran Infantry Armor Level 1, Terran Infantry Weapons Level 1  
  53  5:58  Barracks  
  53  6:01  Factory Tech Lab  
  52  6:32  Marine x2  
  44  6:34  Medivac  
  44  6:35  Orbital Command, Medivac  
  44  6:36  Marine x2  
  44  6:37  Marine  
  44  6:38  Combat Shields  
  51  6:43  Supply Depot, Armory  
  51  6:45  Barracks, Barracks Reactor  
  51  6:46  Siege Tank  
  54  6:48  SCV x2  
  54  6:50  Marine x2  
  58  6:58  Orbital Command  
  58  6:59  Marine x3  
  58  7:00  SCV x2  
  63  7:08  Medivac x2, Marine x2  
  68  7:13  Supply Depot  
  69  7:16  Marine, SCV x2  
  69  7:17  Marine x2  
  69  7:20  Siege Tank  
  77  7:25  SCV  
  77  7:26  Marine  
  77  7:28  SCV x2  
  81  7:31  Supply Depot, Marine  
  81  7:32  Marine x2  
  81  7:33  Barracks Reactor  
  81  7:34  Supply Depot  
  81  7:35  Terran Vehicle Weapons Level 1  
  84  7:37  SCV  
  84  7:40  SCV  
  84  7:41  SCV  
  87  7:50  Marine x5, SCV  
  87  7:51  Marine x2  
  95  8:08  Marine x6  
  101  8:14  Marine x3  
  101  8:15  Siege Tank  
  107  8:27  Medivac x2, Marine x3  
  109  8:28  Marine x3  
  109  8:31  Supply Depot  
  109  8:33  Supply Depot  
  117  8:35  Supply Depot  
  117  8:36  Refinery, Concussive Shells  
  117  8:37  Refinery  
  117  8:53  Siege Tank, Marine x3, SCV x2  
  125  8:57  Supply Depot, Marine x5, Factory  
  125  8:58  Marine  
  125  8:59  Supply Depot  
  125  9:00  Supply Depot  
  131  9:11  Marine x2  
  127  9:19  Marine x3  
  127  9:20  Marine x4  
Show
View Real Time Build Order
Export as new Build Order

Panda Zerg - Winner!

Build Orders: Hatch First 

Get SALT Encoding   

  12  0:01  Drone  
  13  0:16  Overlord  
  13  0:22  Drone  
  14  0:35  Drone x2  
  16  0:37  Drone  
  17  0:55  Hatchery  
  16  1:01  Drone x2  
  18  1:13  Extractor  
  17  1:18  Spawning Pool  
  17  1:21  Drone  
  17  1:25  Drone  
  18  1:33  Drone  
  19  1:42  Drone  
  20  1:52  Overlord  
  20  2:06  Queen  
  20  2:08  Queen  
  24  2:09  Drone  
  24  2:11  Drone  
  26  2:17  Drone  
  26  2:20  Overlord  
  27  2:29  Metabolic Boost  
  27  2:32  Drone  
  28  2:41  Drone x3  
  31  2:50  Zergling x2  
  32  2:58  Spine Crawler  
  28  3:09  Zergling x4  
  28  3:10  Zergling x4  
  31  3:18  Drone x4  
  35  3:23  Drone x3  
  38  3:43  Drone  
  38  3:44  Drone x3  
  42  3:49  Drone  
  42  3:51  Overlord x2  
  42  3:54  Extractor x2  
  41  3:56  Drone  
  42  4:12  Roach Warren  
  41  4:18  Zergling x4  
  41  4:19  Zergling x4  
  41  4:20  Hatchery  
  44  4:36  Overlord x3  
  44  4:38  Zergling x6  
  47  4:40  Queen  
  48  4:54  Roach  
  48  4:55  Roach x3  
  48  4:59  Roach  
  58  5:05  Drone  
  58  5:06  Drone x2  
  61  5:11  Lair  
  61  5:13  Roach x4  
  69  5:33  Zergling x6  
  69  5:34  Roach  
  72  5:44  Zergling x12  
  72  6:17  Roach  
  72  6:18  Roach x5  
  80  6:35  Roach  
  80  6:36  Roach  
  82  6:56  Roach x3  
  82  6:57  Roach  
  72  7:11  Drone x3  
  72  7:13  Queen  
  71  7:21  Ravager  
  71  7:22  Ravager x5  
  77  7:23  Roach  
  77  7:24  Roach x5  
  89  7:39  Overlord x3  
  89  7:40  Overlord  
  89  7:42  Hatchery  
  85  7:57  Roach, Zergling x2  
  85  7:58  Zergling x12  
  79  8:23  Zergling x16  
  81  8:33  Roach  
  81  8:34  Roach x6  
  91  8:42  Spore Crawler  
  91  8:43  Spore Crawler  
  91  8:44  Spine Crawler, Roach  
  91  8:45  Roach x4  
  91  8:47  Queen  
  94  9:00  Drone  
  94  9:01  Queen  
  97  9:09  Roach  
  99  9:10  Evolution Chamber  
  99  9:12  Evolution Chamber  
  97  9:19  Zergling x10  
Show
View Real Time Build Order
Export as new Build Order

OKai Terran 

Build Orders: MMM Bio 

Get SALT Encoding   

  12  0:00  SCV  
  13  0:13  SCV  
  14  0:18  Supply Depot  
  14  0:25  SCV  
  15  0:33  Refinery  
  15  0:39  SCV  
  16  0:45  Barracks  
  16  0:52  SCV  
  17  1:04  SCV  
  18  1:07  Supply Depot  
  18  1:16  SCV  
  19  1:29  SCV  
  20  1:34  Reaper  
  21  1:45  Barracks  
  21  1:46  Orbital Command  
  21  2:06  Marine  
  22  2:10  Command Center  
  22  2:24  Marine  
  22  2:26  SCV  
  24  2:39  SCV  
  24  2:42  Barracks, Marine  
  26  2:45  Barracks  
  26  2:51  SCV  
  27  3:11  Barracks Tech Lab  
  26  3:19  SCV  
  27  3:20  Supply Depot x2  
  27  3:23  Orbital Command  
  27  3:29  Factory  
  27  3:31  SCV  
  27  3:33  Barracks Tech Lab x2  
  28  3:36  Combat Shields  
  28  3:38  Marine  
  29  3:43  SCV  
  29  3:44  Refinery  
  29  3:46  Engineering Bay  
  30  3:49  SCV  
  31  3:58  Marine x2  
  31  3:59  Marine  
  31  4:00  Stimpack  
  31  4:01  SCV  
  31  4:02  SCV  
  36  4:15  Starport  
  36  4:18  SCV x2  
  36  4:21  Marine  
  36  4:22  Marine  
  40  4:28  Refinery  
  40  4:32  Marine  
  40  4:35  Factory Reactor  
  41  4:39  Marine x2  
  41  4:40  SCV x2  
  45  4:47  Terran Infantry Weapons Level 1  
  45  4:53  Missile Turret  
  45  4:54  Missile Turret  
  45  4:55  Missile Turret  
  45  4:56  SCV x2, Missile Turret  
  45  4:59  Marine x2  
  49  5:07  Supply Depot, Marine  
  49  5:08  SCV x2  
  52  5:15  Concussive Shells  
  52  5:16  Marine  
  52  5:17  Marine  
  52  5:20  Medivac  
  52  5:21  Medivac  
  58  5:25  Marine  
  53  5:43  Marine x3  
  47  5:55  Medivac x2  
  51  6:01  Marine x3, SCV x2  
  55  6:19  Marine x3  
  56  6:35  Barracks  
  56  6:36  Barracks  
  56  6:37  Barracks, Marauder x3  
  62  6:46  Terran Infantry Armor Level 1  
  62  6:47  SCV x2  
  62  6:50  Refinery  
  64  6:59  Marauder x2  
  69  7:01  Marauder  
  66  7:09  Medivac x2  
  70  7:25  Supply Depot  
  70  7:27  Supply Depot  
  70  7:47  Marauder x2, SCV x2, Barracks Reactor  
  70  7:48  Barracks Reactor  
  70  7:49  Barracks Reactor  
  70  7:50  Command Center  
  76  7:52  Supply Depot x2  
  76  7:53  Supply Depot  
  71  8:23  Marauder x3  
  73  8:30  Marine x5  
  78  8:34  Viking x2  
  78  8:38  Armory  
  82  8:44  Marine, Marauder x3  
  82  8:48  Marine x5  
  94  9:02  Marine  
  95  9:05  Marauder x2  
  95  9:06  Marine x4, Marauder  
Show
View Real Time Build Order
Export as new Build Order

Sorgoth Zerg 

Build Orders: Hatch First, Zergling Baneling 

Get SALT Encoding   

  12  0:01  Drone  
  13  0:13  Overlord  
  13  0:19  Drone  
  14  0:32  Drone x2  
  16  0:36  Drone  
  17  0:54  Hatchery  
  16  1:09  Spawning Pool  
  16  1:11  Extractor  
  14  1:13  Drone  
  15  1:20  Drone  
  15  1:22  Drone  
  17  1:26  Drone  
  18  1:35  Drone  
  19  1:46  Overlord  
  19  1:56  Queen  
  19  1:58  Zergling x2  
  22  2:07  Queen  
  24  2:10  Drone x2  
  26  2:15  Metabolic Boost  
  26  2:34  Extractor  
  24  2:40  Drone  
  26  2:45  Drone x5  
  26  2:50  Baneling Nest  
  30  3:02  Drone x3  
  33  3:08  Overlord x2  
  32  3:22  Zergling x8  
  32  3:24  Overlord  
  36  3:29  Drone x3  
  39  3:44  Baneling  
  39  3:45  Baneling x6  
  39  3:50  Baneling  
  39  3:52  Zergling x12  
  39  3:53  Zergling x2  
  45  4:42  Lair  
  45  4:44  Drone x3  
  48  4:46  Extractor, Drone  
  48  4:47  Drone x4  
  48  4:48  Extractor, Drone x3  
  54  5:07  Evolution Chamber  
  54  5:09  Drone x3  
  54  5:10  Evolution Chamber  
  55  5:20  Hatchery  
  54  5:23  Overlord x5  
  54  5:24  Overlord  
  37  5:43  Zergling x12  
  30  5:53  Spire  
  29  6:03  Baneling x2  
  24  6:18  Spawning Pool  
    6:58  Drone  
    6:59  Drone x2  
  3  7:05  Zergling x2  
  3  7:06  Zergling x10  
  9  7:19  Drone x5  
  14  7:48  Drone x2  
  12  8:25  Drone x6  
  16  8:38  Queen  
  16  8:40  Drone  
  19  8:45  Drone  
  20  8:59  Drone x4  
  24  9:10  Drone x2  
  28  9:26  Drone x2  
Tags
 
Add a new tag
Caveats
  • Supply blocks, unpowered buildings, or Contaminate may cause inaccurate times.
  • Supply counts are checked every 10 seconds.